 Dungeon Crawl Stone Soup version 0.21-a0-504-g2eda330 (webtiles) character file.

27 Goblin1989 the Insei (level 2, -12/24 HPs)
             Began as a Demonspawn Monk on Nov 25, 2017.
             Mangled by Sigmund
             ... wielding a +0 scythe
              (19 damage)
             ... on level 2 of the Dungeon.
             The game lasted 00:01:44 (1504 turns).

Goblin1989 the Insei (Demonspawn Monk)              Turns: 1504, Time: 00:01:45

Health: -12/24     AC:  2    Str: 13    XL:     2   Next: 93%
Magic:  1/1        EV: 13    Int: 11    God:
Gold:   49         SH:  0    Dex: 19    Spells: 1/1 levels left

rFire    . . .     SeeInvis .     - Unarmed
rCold    . . .     Gourm    .   (no shield)
rNeg     . . .     Faith    .   a - +0 robe
rPois    .         Spirit   .   (no helmet)
rElec    .         Reflect  .   (no cloak)
rCorr    .         Harm     .   (no gloves)
MR       .....                  (no boots)
Stlth    +.........             k - amulet of rage
HPRegen  0.08/turn              (no ring)
MPRegen  0.07/turn              (no ring)

@: confused
A: agile 2, low mp 1, powered by death 1, strong 1
a: Evoke Berserk Rage


You were on level 2 of the Dungeon.
You were not hungry.

You visited 1 branch of the dungeon, and saw 2 of its levels.

You collected 49 gold pieces.

Inventory:

Missiles
 l - 6 curare-tipped needles
Armour
 a - a +0 robe (worn)
Jewellery
 k - an amulet of rage (around neck)
Scrolls
 h - a scroll of fear {unknown}
 j - 2 scrolls of magic mapping {unknown}
 m - 2 scrolls of remove curse {unknown}
 o - a scroll of amnesia {unknown}
Comestibles
 e - 3 bread rations {@e1}
 p - a chunk of flesh


   Skills:
 - Level 3.0 Fighting
 - Level 2.6 Dodging
 - Level 1.7 Stealth
 + Level 3.8 Unarmed Combat


You had one spell level left.
You didn't know any spells.

Dungeon Overview and Level Annotations

Branches:
Dungeon (2/15)

Altars:

Annotations:
D:2 Sigmund


Innate Abilities, Weirdness & Mutations

You regenerate a little health from kills.
You are very agile. (Dex +4)
Your magical capacity is low. (-10% MP)
Your muscles are strong. (Str +2)


Message History

There is a stone staircase leading down here.
You climb downwards.
A frilled lizard, a goblin and a kobold come into view.
There is a stone staircase leading up here.
Unknown command.
A giant cockroach comes into view.
The helpless frilled lizard fails to defend itself.
You punch the frilled lizard!
You kill the frilled lizard!
The goblin shouts!
A worm comes into view.
The giant cockroach barely misses you.
You barely miss the giant cockroach.
The giant cockroach bites you but does no damage.
The goblin hits you.
You take 1 damage, and have 23/24 hp.
The kobold shouts!
You hit the giant cockroach.
The giant cockroach is heavily wounded.
The giant cockroach barely misses you. The giant cockroach bites you.
You hit the giant cockroach but do no damage.
The giant cockroach is heavily wounded.
The goblin hits you. The giant cockroach closely misses you.
You take 1 damage, and have 22/24 hp.
You barely miss the giant cockroach.
The giant cockroach is heavily wounded.
The goblin barely misses you. The giant cockroach bites you.
An adder comes into view.
You take 1 damage, and have 21/24 hp.
The worm closely misses you.
There is a stone staircase leading up here.
The adder hisses angrily.
The goblin barely misses you.
You climb upwards.
There is a stone staircase leading down here.
Unknown command.
Unknown command.
You barely miss the goblin. The goblin hits you.
You take 3 damage, and have 18/24 hp.
You hit the goblin.
The goblin is severely wounded.
The goblin completely misses you.
You hit the goblin.
You kill the goblin!
You see here a goblin corpse.
You butcher the goblin corpse.
p - a chunk of flesh HP restored.
There is a stone staircase leading down here.
Health restored: 24 You climb downwards.
Marking area around Sigmund as unsafe for travelling.
Sigmund the Dreaded comes into view.
He is wielding a scythe.
There is a stone staircase leading up here.
It was a potion of curing.
You feel better.
The helpless Sigmund fails to defend himself.
You hit Sigmund.
Sigmund is lightly wounded.
Sigmund drinks a potion.
Sigmund seems to grow stronger.
You hit Sigmund.
Sigmund is moderately wounded.
Sigmund points at you and mumbles some strange words.
You are confused.
You hit Sigmund but do no damage.
Sigmund is moderately wounded.
You hit Sigmund.
Sigmund is moderately wounded.
Sigmund barely misses you.
Unknown command.
It was a potion of mutation.
You feel extremely strange.
You feel agile.
You feel stronger.
You feel less energetic.
You feel agile. Sigmund gestures at you while chanting.
You are more confused.
You now have 1/1 mp.
Sigmund points at you and mumbles some strange words.
You resist with significant effort.
You bump into the rock wall.
Sigmund barely misses you.
You bump into the rock wall.
You bump into the rock wall.
Sigmund gestures at you while chanting.
You are more confused.
You bump into the rock wall.
Sigmund mumbles some strange words.
Sigmund flickers and vanishes!
Deactivating autopickup; reactivate with Ctrl-A.
Something hits you.
There is a stone staircase leading up here.
You take 6 damage, and have 18/24 hp.
MASSIVE DAMAGE!!
You bump into the rock wall.
You hear some strange, mumbled words.
A magic dart appears from out of thin air!
The magic dart hits you!
You take 5 damage, and have 13/24 hp.
MASSIVE DAMAGE!!
You're too confused to move!
Something hits you.
* * * LOW HITPOINT WARNING * * *
You take 6 damage, and have 7/24 hp.
MASSIVE DAMAGE!!
Unknown command.
Something hits you!!
Ouch! That really hurt!
You die...

███
..█
█.█
█.█
█.██
█.@█
██{.█
██...█
██.█
.█ █


There were no monsters in sight!

Vanquished Creatures
  3 dart slugs (D:1)
  8 bats (D:1)
  A giant cockroach (D:1)
  2 goblins (D:1)
  2 hobgoblins (D:1)
  A frilled lizard (D:2)
  2 kobolds (D:1)
  2 rats (D:1)
21 creatures vanquished.

Notes
Turn   | Place    | Note
-------+----------+-------------------------------------------
     0 | D:1      | Goblin1989 the Demonspawn Monk began the quest for the Orb.
     0 | D:1      | Reached XP level 1. HP: 18/18 MP: 1/1
   257 | D:1      | Gained mutation: You regenerate a little health from kills. [demonic ancestry]
   257 | D:1      | Reached XP level 2. HP: 16/24 MP: 2/2
  1488 | D:2      | Noticed Sigmund
  1494 | D:2      | Gained mutation: You are agile. (Dex +2) [potion of mutation]
  1494 | D:2      | Gained mutation: Your muscles are strong. (Str +2) [potion of mutation]
  1494 | D:2      | Gained mutation: Your magical capacity is low. (-10% MP) [potion of mutation]
  1494 | D:2      | Gained mutation: You are very agile. (Dex +4) [potion of mutation]
  1504 | D:2      | Mangled by Sigmund

Vault maps used:
D:1:      eino_arrival_cavern_a
D:2:      lemuel_doored_altar, nemelex_xobeh_ov_fountains_minmay, uniq_natasha,
          uniq_sigmund

Skill      XL: |  1 |
---------------+----+-----
Unarmed Combat | 3 |  3.8
Fighting       | |  3.0
Dodging        | |  2.6
Stealth        | |  1.7

Action                   || total
-------------------------++-------
Melee: Unarmed           ||   104
       Punch             ||     1
  Use: Potion            ||     2
 Stab: Sleeping          ||     6
  Eat: Chunk             ||     2
Armor: Robe              ||    29
Dodge: Dodged            ||    95

Table legend:
 A = Spawn XP
 B = Non-spawn XP
 C = Spawn XP percentage of total XP
 D = Spawn monster count
 E = Non-spawn monster count
 F = Spawn count percentage of total count
 G = Total turns spent on level
                    A         B        C        D         E        F      G
               +---------+---------+-------+---------+---------+-------+---------
         Total |       0 |      39 |   0.0 |       0 |      21 |   0.0 |  1504
               +---------+---------+-------+---------+---------+-------+---------
           D:1 |       0 |      38 |   0.0 |       0 |      20 |   0.0 |  1476
           D:2 |       0 |       1 |   0.0 |       0 |       1 |   0.0 |    28
               +---------+---------+-------+---------+---------+-------+---------

Vault maps used:
D:1:      eino_arrival_cavern_a
D:2:      lemuel_doored_altar, nemelex_xobeh_ov_fountains_minmay, uniq_natasha,
          uniq_sigmund
